 Dungeon Crawl Stone Soup version 0.20-a0-1008-g0de3dc5 (webtiles) character file.

1026 George the Carver (level 8, -4/66 HPs)
             Began as a Minotaur Fighter on Apr 14, 2017.
             Killed by nerve-wracking pain
             ... invoked by an orc priest
              (14 damage)
             ... on level 4 of the Dungeon.
             The game lasted 00:07:38 (3993 turns).

George the Carver (Minotaur Fighter)                Turns: 3993, Time: 00:07:39

Health: -4/66      AC:  9    Str: 23    XL:     8   Next: 2%
Magic:  7/7        EV:  5    Int:  5    God:
Gold:   182        SH: 10    Dex: 10    Spells: 7/7 levels left

rFire    . . .     SeeInvis +   a - +0 long sword
rCold    . . .     Gourm    .   c - +1 shield
rNeg     . . .     Faith    .   p - +0 chain mail
rPois    +         Spirit   .   (helmet restricted)
rElec    .         Reflect  .   (no cloak)
rCorr    .         Harm     .   (no gloves)
MR       .....                  (no boots)
Stlth    ..........             (no amulet)
Regen    0.3/turn               u - ring of poison resistance
MPRegen  0.1/turn               v - ring of see invisible

@: no status effects
A: retaliatory headbutt, horns 2
a: no special abilities


You were on level 4 of the Dungeon.
You were hungry.

You visited 1 branch of the dungeon, and saw 5 of its levels.
You also visited: Sewer.

You collected 182 gold pieces.

Inventory:

Hand Weapons
 a - a +0 long sword (weapon)
 r - a +1 vampiric short sword
 x - a cursed -3 rapier
Armour
 c - a +1 shield (worn)
 p - a +0 chain mail (worn)
Jewellery
 u - a ring of poison resistance (left hand)
 v - a ring of see invisible (right hand)
Wands
 w - a wand of polymorph (4/24)
Scrolls
 g - 2 scrolls of teleportation
 k - 2 scrolls of blinking {unknown}
 m - 2 scrolls of remove curse
 o - a scroll of recharging {unknown}
Potions
 d - 3 potions of might
 e - a potion of heal wounds
 h - 2 potions of ambrosia
 i - a potion of curing
 l - 2 potions of magic
 n - a potion of mutation
 s - a potion of lignification {unknown}
 t - 3 potions of flight {unknown}
Comestibles
 b - a fruit
 f - a bread ration
 j - 3 meat rations
 q - a royal jelly


   Skills:
 + Level 3.7 Fighting
 + Level 11.1 Long Blades
 + Level 3.6 Armour
 + Level 3.7 Shields


You had 7 spell levels left.
You didn't know any spells.

Dungeon Overview and Level Annotations

Branches:
Dungeon (5/15)
 Temple: D:4-7

Altars:
Ashenzari
Cheibriados
Zin


Innate Abilities, Weirdness & Mutations

You reflexively headbutt those who attack you in melee.
You have a pair of horns on your head.


Message History

You completely miss the orc priest.
You headbutt the orc priest, but do no damage.
The orc priest is moderately wounded.
The orc wizard gestures at you while chanting.
The magic dart hits you!
* * * LOW HITPOINT WARNING * * *
The orc priest hits you but does no damage.
The orc wizard barely misses you. You furiously retaliate!
You headbutt the orc wizard, but do no damage.
You closely miss the orc priest.
The orc priest is moderately wounded.
The orc wizard gestures at you while chanting.
The puff of frost hits you!
* * * LOW HITPOINT WARNING * * *
The orc priest begins to cast a cantrip, but forgets the words!
The orc wizard casts a spell at you. The puff of frost hits you!
The orc priest calls down the wrath of Beogh upon you.
Pain shoots through your body!
You die...

≈≈..+.# #.#
#!###......##.###. ≈≈).+.#
#.### #.# #......##.....
..≈.#.#
#.#.###.###.####.######.
....#.####..#......#.# #.#
## ''###......###.......#
#.# # ..#..)....##
##..#.### #.###
....###.##.###.#o#.#
#...##### ###.#
#.##..#.o>...######........
#.#
#.##.#.###@......##.###.###
#.# #.##.### #.#.##.....#
#.# ###.#
#.##.#####.#.##..##.###.#
....#
#..........#.##..##.....#
.####
##.........#.##.)####.###
.#######.#.#######.##..#
#.# ...#.....#.# #.....#
#†# ...........# #.###.#
#.# ...#.##.##########.#
#.## #.#####


You could see an orc priest and an orc wizard.

Vanquished Creatures
  Eustachio (D:4)
  An ogre (D:4)
  2 big kobolds (Sewer)
  2 scorpions
  A howler monkey (D:4)
  A bullfrog skeleton (D:4)
  3 orc priests (D:4)
  Ijyb (D:3)
  3 orc wizards
  4 worker ants
  7 adders
  5 oozes
  An adder zombie (D:4)
  4 worms
  3 dart slugs
  2 leopard geckos
  11 orcs
  2 ball pythons (Sewer)
  5 giant cockroaches
  9 goblins
  6 hobgoblins
  2 quokkas
  7 bats
  7 frilled lizards
  16 kobolds
  13 rats
119 creatures vanquished.

Notes
Turn   | Place    | Note
-------+----------+-------------------------------------------
     0 | D:1      | George the Minotaur Fighter began the quest for the Orb.
     0 | D:1      | Reached XP level 1. HP: 19/19 MP: 0/0
    55 | D:1      | Reached skill level 3 in Long Blades
   108 | D:1      | Reached XP level 2. HP: 22/26 MP: 1/1
   415 | D:1      | Reached skill level 4 in Long Blades
   630 | D:2      | Reached XP level 3. HP: 31/31 MP: 2/2
   966 | D:2      | Reached skill level 5 in Long Blades
  1009 | D:2      | Found a shattered altar of Ashenzari.
  1025 | D:2      | Found a glowing silver altar of Zin.
  1093 | D:2      | Found a snail-covered altar of Cheibriados.
  1391 | D:3      | Noticed Ijyb
  1396 | D:3      | Reached XP level 4. HP: 39/39 MP: 3/3
  1402 | D:3      | Killed Ijyb
  1482 | D:3      | Reached skill level 6 in Long Blades
  1629 | D:3      | Reached XP level 5. HP: 40/45 MP: 4/4
  1711 | D:3      | Reached skill level 7 in Long Blades
  2135 | D:4      | Found a glowing drain.
  2152 | D:4      | Reached XP level 6. HP: 43/51 MP: 5/5
  2192 | Sewer    | Entered a sewer
  2388 | Sewer    | Reached skill level 8 in Long Blades
  2661 | Sewer    | Reached skill level 9 in Long Blades
  2887 | D:4      | Reached XP level 7. HP: 48/57 MP: 6/6
  3245 | D:4      | Reached skill level 10 in Long Blades
  3383 | D:4      | Noticed Eustachio
  3428 | D:4      | Killed Eustachio
  3754 | D:4      | Reached skill level 11 in Long Blades
  3763 | D:4      | Reached XP level 8. HP: 26/64 MP: 7/7
  3973 | D:5      | Entered Level 5 of the Dungeon
  3993 | D:4      | Killed from afar by an orc priest

Vault maps used:
D:1:      arrival_zaba_pyramid, item_on_display_a
D:2:      grunt_temple_overflow_open
D:3:      kennysheep_small_spiral, uniq_iyjb
D:4:      serial_glass, glass_columns_a, glass_columns_a, gup_sewer_entry_glass,
          kennysheep_generic_room_15, uniq_eustachio
D:5:      kennysheep_mini_moat, lemuel_round_altar, first_bread,
          minmay_stone_trees_medium, kennysheep_generic_room_2
Sewer:    sewer_co_15_rooms

Skill      XL: |  1  2  3  4  5  6  7 |
---------------+----------------------+-----
Long Blades    | 3 4 5 6 7 9 11 | 11.1
Fighting       | |  3.7
Armour         | |  3.6
Shields        | |  3.7

Action                   |  1- 3 |  4- 6 |  7- 9 || total
-------------------------+-------+-------+-------++-------
Melee: Long sword        |    94 |   165 |   117 ||   376
       Headbutt          |    12 |    26 |    16 ||    54
  Use: Scroll            |       |    10 |       ||    10
       Potion            |       |     1 |       ||     1
  Eat: Chunk             |       |     7 |     3 ||    10
Armor: Scale mail        |    39 |     9 |       ||    48
       Chain mail        |       |    36 |    73 ||   109
       Skin              |       |       |     3 ||     3
Dodge: Dodged            |    25 |    26 |    26 ||    77
Block: Shield            |    45 |    65 |    60 ||   170
       Rpst.: Long sword |    13 |     9 |     6 ||    28
